 Dungeon Crawl Stone Soup version 0.29-a0-275-g389c0b56f3 (webtiles) character file.

Game seed: 18273734191293725305

7633 Hubris850 the Martial Artist (level 11, -2/81 (91) HPs)
             Began as a Merfolk Transmuter on Mar 9, 2022.
             Was a Priest of Ru.
             Killed from afar by a starcursed mass (8 damage)
             ... with an accursed screaming
             ... on level 1 of the Abyss.
             The game lasted 00:40:40 (10815 turns).

Hubris850 the Martial Artist (Merfolk Transmuter)  Turns: 10815, Time: 00:40:41

HP:   -2/81 (91)    AC: 14    Str: 10    XL:     11   Next: 18%
MP:   15/15         EV: 11    Int: 18    God:    Ru [***...]
Gold: 459           SH:  0    Dex: 14    Spells: 8/16 levels left

rFire   x . .      SeeInvis .     - Unarmed
rCold   + + +      Faith    .   (shield unavailable)
rNeg    . . .      Spirit   .   (body armour currently unavailable)
rPois   +          Reflect  .   (helmet currently unavailable)
rElec   .          Harm     .   (cloak currently unavailable)
rCorr   .          Rampage  .   (gloves currently unavailable)
Will    .....                   (boots currently unavailable)
Stlth   ++++......              t - amulet of regeneration
HPRegen 1.03/turn               (ring unavailable)
MPRegen 0.14/turn               o - +4 ring of protection

@: exhausted, ice-form, heavily drained
A: freezing attack, boosted hp, large, missing a hand, (nimble swimmer 2),
(mertail), (camouflage 1), noise suppression
a: End Transformation, Renounce Religion, Draw Out Power


You were on level 1 of the Abyss.
You worshipped Ru.
Ru was most pleased with you.
You were a creature of crystalline ice.
You visited 2 branches of the dungeon, and saw 10 of its levels.
You visited the Abyss 1 time.

You collected 459 gold pieces.

Inventory:

Hand Weapons
 c - a +0 short sword
 E - a +2 scimitar of flaming
Missiles
 F - a curare-tipped dart
Armour
 a - a +0 robe
 b - the +1 hat "Nefimixt" (melded) {rN+ rCorr}
   (You acquired it on level 3 of the Dungeon)

   rN:        It protects you from negative energy.
   rCorr:     It protects you from acid and corrosion.
 e - a +1 ring mail
 g - a +0 robe of the Archmagi (melded)
 i - +0 steam dragon scales
 G - +0 swamp dragon scales
 H - the +0 pair of gloves of Ahoku (melded) {rF+ Will+ Int+3 Dex+4}
   (You acquired it on level 9 of the Dungeon)

   Int:       It affects your intelligence (+3).
   Dex:       It affects your dexterity (+4).
   rF:        It protects you from fire.
   Will:      It increases your willpower.
Magical Staves
 f - a staff of fire
 p - a staff of poison
Jewellery
 d - an amulet of guardian spirit
 o - a +4 ring of protection (right front paw)
 t - an amulet of regeneration (around neck)
 y - a ring of positive energy
 B - a ring of protection from fire
Wands
 r - a wand of polymorph (8)
 x - a wand of flame (8)
Scrolls
 h - a scroll of holy word
 k - 3 scrolls of teleportation
 l - 5 scrolls of magic mapping
 m - 2 scrolls of vulnerability
 n - a scroll of enchant armour
 q - a scroll of blinking
 v - a scroll of brand weapon
 w - a scroll of immolation
 z - 3 scrolls of noise
 C - 2 scrolls of identify
Potions
 j - 2 potions of brilliance
 s - a potion of attraction
 u - a potion of cancellation
 A - a potion of ambrosia
 D - a potion of flight


   Skills:
 - Level 3.6 Fighting
 - Level 4.0 Dodging
 - Level 8.0 Stealth
 + Level 13.4 Unarmed Combat
 - Level 3.0 Spellcasting
 + Level 0.0 Conjurations
 - Level 8.0 Transmutations
 + Level 4.0 Ice Magic
 + Level 0.0 Air Magic
 - Level 3.0 Poison Magic
 - Level 4.0 Evocations


You had 8 spell levels left.
You knew the following spells:

 Your Spells              Type           Power      Damage    Failure   Level
a - Beastly Appendage     Tmut           62%        N/A       1%          1
b - Spider Form           Tmut/Pois      22%        N/A       4%          3
c - Ice Form              Ice/Tmut       24%        N/A       14%         4

Your spell library contained the following spells:

 Spells                   Type           Power      Damage    Failure   Level
 Wereblood                Tmut           31%        N/A       1%          2
 Ignite Poison            Fire/Tmut/Pois 15%        N/A       11%         3
 Conjure Flame            Conj/Fire      2%         6-21      43%         3
 Sticky Flame             Conj/Fire      2%         2d3       85%         4
 Freezing Cloud           Conj/Ice/Air   3%         6-21      95%         5
 Simulacrum               Ice/Necr       4%         N/A       100%        6
 Polar Vortex             Ice            8%         N/A       100%        9


Dungeon Overview and Level Annotations

Branches:
Dungeon (9/15)             Temple (1/1) D:5
   Lair: D:8-11         Orc: D:9-12

Altars:
Ashenzari
Cheibriados
Dithmenos
Elyvilon
Gozag
Kikubaaqudgha
Nemelex Xobeh
Okawaru
Qazlal
Ru
Sif Muna
Trog
Uskayaw
Vehumet
Wu Jian
Yredelemnul
Zin
The Shining One

Shops:
D:7 *

Annotations:
D:8 1 runed translucent door, DrKleor's ghost, novice FoFi
D:9 Erolcha


Innate Abilities, Weirdness & Mutations

You are a creature of crystalline ice.
You have a powerful freezing melee attack.
Your maximum health is increased.
Your armour is entirely melded.
You are incapable of wielding weapons or throwing items.
You are missing a hand.
((You are very nimble when in or above water. (Stealth+, EV+, Speed+++)))
((Your lower body shifts to a powerful aquatic tail in water.))
((Your skin changes colour to match your surroundings (Stealth+).))
You passively dampen the noise of your surroundings.


Message History

* * * LOW HITPOINT WARNING * * *
You hit the starcursed mass but do no damage.
The starcursed mass is lightly damaged.
The starcursed mass touches you.
* * * LOW HITPOINT WARNING * * *
You hit the starcursed mass but do no damage.
The starcursed mass is lightly damaged.
A starcursed mass splits. x2
You punch the starcursed mass! You freeze the starcursed mass.
The starcursed mass is heavily damaged.
The starcursed mass shudders and is absorbed by its neighbour.
The starcursed mass touches you but does no damage.
You hit the starcursed mass. You freeze the starcursed mass.
The starcursed mass is moderately damaged.
The starcursed mass shudders and is absorbed by its neighbour.
The starcursed mass barely misses you.
A starcursed mass splits. x2
You pummel the starcursed mass!! You freeze the starcursed mass.
The starcursed mass is severely damaged.
The starcursed mass shudders and is absorbed by its neighbour.
The starcursed mass touches you.
* * * LOW HITPOINT WARNING * * *
You hit the starcursed mass. You freeze the starcursed mass.
The starcursed mass is heavily damaged.
The starcursed mass shudders and is absorbed by its neighbour.
You feel less exhausted.
A starcursed mass splits.
A chorus of shrieks assaults your mind.
* * * LOW HITPOINT WARNING * * *
You are restored by drawing out deep reserves of power within.
You feel drained. A chorus of shrieks assaults your mind.
* * * LOW HITPOINT WARNING * * *
A chorus of shrieks assaults your mind.
* * * LOW HITPOINT WARNING * * *
The starcursed mass touches you but does no damage.
A starcursed mass splits.
The starcursed mass attacks as you move away!
The starcursed mass barely misses you.
A deafening chorus of shrieks assaults your mind!
You die...

. #....## .
#.....### #.......
. .......#
........# .......
# .#. . #.## ..
#.#..##### . ..#
##.X.Y.##.
#.......X.......#
.....X.XX....##...
..............# #
#.............#
.............#
..............
...............
........#......


You could see 5 starcursed masses.

Vanquished Creatures
  A two-headed ogre (D:8)
  A centaur warrior (D:8)
  Erica (D:8)
  A large abomination (Abyss:1)
  A kobold demonologist (D:8)
  A silent spectre (Abyss:1)
  2 hornets (D:8)
  4 yaks (D:8)
  2 steam dragons (D:7)
  2 small abominations (Abyss:1)
  A vampire mosquito (D:8)
  2 water moccasins (D:5)
  2 ice beasts
  An orc warrior (D:7)
  2 black bears
  2 sky beasts
  4 centaurs
  An ogre (D:5)
  7 phantoms
  2 kobold brigands (D:8)
  6 bullfrogs
  A gnoll sergeant (D:7)
  2 necrophages
  3 scorpions
  10 wights (D:8)
  A killer bee (D:8)
  2 howler monkeys
  3 hounds
  5 jellies
  4 gnoll shamans
  3 orc priests
  3 iguanas
  3 orc wizards
  18 gnolls
  10 adders
  2 white imps (D:8)
  An ufetubus (D:7)
  4 worms
  5 dart slugs
  19 orcs
  5 endoplasms
  4 giant cockroaches
  8 goblins
  9 hobgoblins
  4 jackals
  9 kobolds
  2 quokkas
  5 ball pythons
  4 bats
  6 frilled lizards
  A rat (D:1)
202 creatures vanquished.

Notes
Turn   | Place    | Note
-------+----------+-------------------------------------------
     0 | D:1      | Hubris850 the Merfolk Transmuter began the quest for the
                  | Orb.
     0 | D:1      | Reached XP level 1. HP: 15/15 MP: 3/3
     0 | D:1      | Noticed a naga
     3 | D:1      | Noticed a gargoyle
     3 | D:1      | Noticed a draconian
     6 | D:1      | Noticed a merfolk
    11 | D:1      | Noticed a vampire
    13 | D:1      | Noticed a spriggan
    15 | D:1      | Noticed a naga
    15 | D:1      | Noticed a minotaur
    17 | D:1      | Noticed a vine stalker
    17 | D:1      | Noticed a merfolk
    19 | D:1      | Noticed a draconian
    19 | D:1      | Noticed a vampire
   548 | D:1      | Reached XP level 2. HP: 21/21 MP: 5/5
   851 | D:1      | Found a faded altar of an unknown god.
  1201 | D:1      | Reached XP level 3. HP: 27/27 MP: 6/6
  1947 | D:2      | Reached skill level 4 in Unarmed Combat
  2015 | D:2      | Reached XP level 4. HP: 34/34 MP: 7/7
  2027 | D:2      | Reached skill level 1 in Stealth
  2527 | D:3      | Reached XP level 5. HP: 36/40 MP: 6/8
  2793 | D:3      | Noticed a phantom
  2810 | D:3      | Identified a scroll of acquirement
  2810 | D:3      | Acquired the +1 hat "Nefimixt" {rN+ rCorr}
  2817 | D:3      | Killed a phantom
  3377 | D:4      | Reached XP level 6. HP: 47/47 MP: 7/9
  3467 | D:4      | Learned a level 3 spell: Spider Form
  3524 | D:4      | Gained mutation: You passively dampen the noise of your
                  | surroundings. [potion of mutation]
  3524 | D:4      | Gained mutation: Your skin changes colour to match your
                  | surroundings (Stealth+). [potion of mutation]
  4003 | D:4      | Reached skill level 1 in Poison Magic
  4607 | D:4      | Reached XP level 7. HP: 53/53 MP: 6/10
  4936 | D:4      | Reached skill level 5 in Unarmed Combat
  5448 | D:5      | Entered Level 5 of the Dungeon
  5806 | D:5      | HP: 3/79 [poisoned by a scorpion]
  6116 | D:5      | Reached XP level 8. HP: 60/60 MP: 8/12
  6246 | D:5      | Reached skill level 5 in Stealth
  6246 | D:5      | Reached skill level 5 in Transmutations
  6511 | D:5      | Found a staircase to the Ecumenical Temple.
  6527 | D:5      | Reached skill level 6 in Unarmed Combat
  6531 | Temple   | Entered the Ecumenical Temple
  6594 | Temple   | Became a worshipper of Ru the Awakened
  6700 | D:5      | HP: 2/60 [poisoned by a water moccasin]
  7086 | D:5      | Reached skill level 1 in Ice Magic
  7315 | D:5      | Learned a level 4 spell: Ice Form
  7353 | D:6      | Reached XP level 9. HP: 63/65 MP: 4/13
  7395 | D:6      | Reached skill level 7 in Unarmed Combat
  8211 | D:6      | Gained mutation: You are missing a hand. [Ru sacrifice]
  8211 | D:6      | Reached * piety under Ru
  8211 | D:6      | Reached ** piety under Ru
  8211 | D:6      | Reached *** piety under Ru
  8765 | D:7      | Reached skill level 8 in Unarmed Combat
  8943 | D:7      | Reached skill level 9 in Unarmed Combat
  8958 | D:7      | Found Oxots's Assorted Antiques.
  9156 | D:7      | Reached XP level 10. HP: 51/71 MP: 9/14
  9306 | D:8      | Reached skill level 1 in Evocations
  9371 | D:8      | Found a runed translucent door.
  9375 | D:8      | Noticed DrKleor's ghost (novice FoFi)
  9399 | D:8      | Noticed a two-headed ogre
  9399 | D:8      | Noticed a kobold demonologist
  9401 | D:8      | Reached skill level 10 in Unarmed Combat
  9407 | D:8      | Killed a two-headed ogre
  9410 | D:8      | Killed a kobold demonologist
  9474 | D:8      | Noticed a centaur warrior
  9486 | D:8      | Killed a centaur warrior
  9487 | D:8      | Reached skill level 11 in Unarmed Combat
  9639 | D:8      | Reached skill level 12 in Unarmed Combat
  9903 | D:8      | Reached XP level 11. HP: 76/76 MP: 7/15
  9962 | D:8      | Noticed Erica
  9976 | D:8      | Killed Erica
  9977 | D:8      | Reached skill level 13 in Unarmed Combat
 10084 | D:8      | Identified the +9 long sword of Callousness {vorpal, rElec}
 10084 | D:8      | Noticed a centaur warrior
 10450 | D:9      | Acquired the +0 pair of gloves of Ahoku {rF+ Will+ Int+3
                  | Dex+4}
 10468 | D:9      | Noticed Erolcha
 10708 | D:9      | Cast into level 1 of the Abyss (Erolcha)
 10728 | Abyss:1  | Found a hazy altar of Hepliaklqana.
 10780 | Abyss:1  | Noticed a large abomination
 10792 | Abyss:1  | Killed a large abomination
 10795 | Abyss:1  | Noticed a starcursed mass
 10811 | Abyss:1  | HP: 4/86 [starcursed mass/accursed screaming (5)]
 10815 | Abyss:1  | Killed from afar by a starcursed mass

Illustrated notes

Levels and vault maps discovered:
D:1:      shiori_arrival_whats_in_store_for_you, layout_basic,
          hellmonk_ecumenical_altar_dog_temple
D:2:      layout_rooms, kennysheep_potato
D:3:      layout_rooms, minmay_quadrilaterals
D:4:      minmay_skewed_foursquare, layout_layer_cave
D:5:      cheibrodos_helix_gallery, layout_loops_ring,
          minmay_temple_entry_purple_smoke
D:6:      layout_basic
D:7:      layout_basic, serial_shops, nicolae_shop_hallway_stairs
D:8:      minmay_angry_zag, layout_basic, ebering_ghost_inner_flame,
          hangedman_minor_gate_pass, uniq_erica
D:9:      layout_loops_ring, nicolae_hepliaklqana_hippocampus,
          david_orc_1_choice, uniq_erolcha
Temple:   mainiacjoe_temple_starburst
Abyss:1:  base:
D:4

Skill      XL: |  1  2  3  4  5  6  7  8  9 10 11 |
---------------+----------------------------------+-----
Dodging        | 3 4 |  4.0
Fighting       | 2 3 |  3.6
Unarmed Combat | 4 5 6 9 12 13 | 13.4
Stealth        | 1 3 4 6 8 |  8.0
Transmutations | 3 4 6 8 |  8.0
Poison Magic   | 2 3 |  3.0
Spellcasting   | 3 |  3.0
Ice Magic      | 2 4 |  4.0
Evocations     | 4 |  4.0

Action                   |  1- 3 |  4- 6 |  7- 9 | 10-12 || total
-------------------------+-------+-------+-------+-------++-------
Melee: Unarmed           |    91 |   129 |   256 |   160 ||   636
       Short sword       |    46 |       |       |       ||    46
       Punch             |     3 |     4 |       |       ||     7
       Headbutt          |     9 |     2 |       |       ||    11
       Tailslap          |     2 |       |       |       ||     2
       Staff             |       |       |    14 |       ||    14
Throw: Boomerang         |       |    62 |    34 |       ||    96
 Cast: Beastly Appendage |     8 |     6 |       |       ||    14
       Spider Form       |       |     4 |    22 |       ||    26
       Ice Form          |       |       |    12 |    14 ||    26
Invok: Sacrifice a Hand  |       |       |     1 |       ||     1
       Draw Out Power    |       |       |       |     2 ||     2
 Abil: End Transformatio |       |       |     1 |       ||     1
Evoke: Wand              |       |       |     1 |     1 ||     2
  Use: Scroll            |       |     5 |    10 |     4 ||    19
       Potion            |       |     7 |     1 |     1 ||     9
 Stab: Sleeping          |     1 |     1 |    11 |     9 ||    22
       Distracted        |       |       |     1 |       ||     1
Armor: Robe              |     8 |     2 |     6 |       ||    16
       Ring mail         |    20 |    26 |       |       ||    46
       Skin              |       |     5 |    54 |    43 ||   102
Dodge: Dodged            |    74 |    71 |   220 |    64 ||   429

Table legend: (Time is in decaauts)
 A = Elapsed time spent in this place.
 B = Non-inter-level travel time spent in this place.
 C = Inter-level travel time spent in this place.
 D = Time resting spent in this place.
 E = Time spent auto-exploring this place.
 F = Levels seen in this place.
 G = Mean time per level.
                   A        B        C        D        E       F      G
               +--------+--------+--------+--------+--------+-----+--------+
         Total |  10758 |  10501 |    257 |   3049 |   5334 |  11 |  978.0 |
       Dungeon |  10541 |  10339 |    202 |   3049 |   5330 |   9 | 1171.2 |
        Temple |    118 |     63 |     55 |      0 |      4 |   1 |  118.0 |
         Abyss |     97 |     97 |      0 |      0 |      0 |   1 |   97.0 |
               +--------+--------+--------+--------+--------+-----+--------+

Top non-repeatable levels by time:
     D:4: 2624 daAuts
     D:1: 1443 daAuts
     D:5: 1265 daAuts
     D:8: 1175 daAuts
     D:6: 1170 daAuts
     D:3: 1142 daAuts
     D:2: 738 daAuts
     D:7: 700 daAuts
     D:9: 282 daAuts
  Temple: 118 daAuts
 Abyss:1: 97 daAuts
